AoeStats
← dark_29

Glade

510606914Analyzed
1v1 RM · 1d ago on Oct 1, 2026· 21m 46s· 2 players
Game mode
Random Map
Map size
Tiny (2 player)
Population
200
Speed
Normal
Resources
Standard
Victory
Conquest
Starting age
Dark Age
Ending age
Imperial Age
RankedLock teamsTeams togetherTeam positionsShared explorationLock speedFull tech treeHidden civsTurbo modeCheats
Victory
Defeat
🇨🇦 Sicilians · Canada
847
+14
🇫🇷 Persians · France
814
-14
dark_29
0:27 Loom
10:16 Feudal Age
10:40 Double-Bit Axe
11:21 Horse Collar
15:26 Bloodlines
21:27 Castle Age
21:21 Forging
Chef
7:57 Loom
10:32 Feudal Age
11:05 Double-Bit Axe
13:59 Stone Mining
14:28 Gold Mining
17:52 Fletching
19:19 Wheelbarrow
23:09 Castle Age
22:00 Scale Mail Armor
Connection lost

Rejoining the realm…

Still unreachable

The connection could not be restored.

Session expired

The server has moved on; the page needs a fresh start.